PA
GRIM REAPERS @ ATHLETIC CLUB KC U-21
09/04/2023
 
TOP OF THE 1ST
Grim Reapers batting - Pitching for Athletic Club KC U-21 : LHP Sacco Brouwers
Pitching: LHP Sacco Brouwers
Batting: RHB Sean Godron 0-0: Fly out, F6 (Popup, 6)
Batting: LHB Edgardo Díaz 0-0: SINGLE (Groundball, 3L)
Batting: RHB Blair Sweeny 0-0: Grounds into double play, 4-6-3 (Groundball, 34)
Top of the 1st over - 0 run(s), 1 hit(s), 0 error(s), 0 left on base; Grim 0 - Athletic Club KC 0
BOTTOM OF THE 1ST
Athletic Club KC U-21 batting - Pitching for Grim Reapers : LHP Jim Unknown
Pitching: LHP Jim Unknown
Batting: RHB Diego Bonilla 0-0: Called Strike
0-1: Foul Ball, location: 2F
0-2: Strikes out looking
Batting: LHB Tony García 0-0: Foul Ball, location: 2F
0-1: Ball
1-1: Ball
2-1: Fly out, F8 (Line Drive, 8RS)
Batting: RHB Felipe Pabalate 0-0: Foul Ball, location: 2F
0-1: Foul Ball, location: 2F
0-2: Ball
1-2: Foul Ball, location: 2F
1-2: Strikes out swinging
Bottom of the 1st over - 0 run(s), 0 hit(s), 0 error(s), 0 left on base; Grim 0 - Athletic Club KC 0
TOP OF THE 2ND
Grim Reapers batting - Pitching for Athletic Club KC U-21 : LHP Sacco Brouwers
Batting: RHB Alberto Rodríguez 0-0: SINGLE (Groundball, 25) (infield hit)
Batting: RHB Bill Allen 0-0: Ball
1-0: Fly out, F9 (Flyball, 9M)
Batting: RHB Raúl Moreno 0-0: Ball
1-0: Called Strike
1-1: Ball
2-1: Ball
3-1: Called Strike
3-2: Strikes out swinging
Alberto Rodríguez steals 2nd base
Batter strikes out.
Batting: RHB Jules Winnfield 0-0: SINGLE (Line Drive, 34D)
Alberto Rodríguez to third
Runner from 3rd tries for Home, SAFE, no throw or cutoff
Batting: LHB Jesús Morales 0-0: Ball
1-0: Foul Ball, location: 2F
1-1: Ball
2-1: Fly out, F8 (Flyball, 8LS)
Top of the 2nd over - 1 run(s), 2 hit(s), 0 error(s), 1 left on base; Grim 1 - Athletic Club KC 0
BOTTOM OF THE 2ND
Athletic Club KC U-21 batting - Pitching for Grim Reapers : LHP Jim Unknown
Batting: LHB Manuel Domínguez 0-0: Swinging Strike
0-1: Ball
1-1: Fly out, F8 (Flyball, 8RM)
Batting: RHB José Flores 0-0: SINGLE (Line Drive, 6D)
Batting: RHB Iván Chacón 0-0: Ball
1-0: Ball
2-0: Swinging Strike
2-1: Ball
3-1: SINGLE (Groundball, 5D)
José Flores to second
Batting: RHB Nathaniel Gault 0-0: Ball
1-0: Ball
2-0: Ball
3-0: Called Strike
3-1: Fly out, F7 (Flyball, 78M)
Batting: RHB Pedro Silva 0-0: Ball
1-0: Foul Ball, location: 2F
1-1: Ball
2-1: Ball
3-1: Swinging Strike
3-2: Foul Ball, location: 2F
3-2: Foul Ball, location: 2F
3-2: Strikes out looking
Bottom of the 2nd over - 0 run(s), 2 hit(s), 0 error(s), 2 left on base; Grim 1 - Athletic Club KC 0
TOP OF THE 3RD
Grim Reapers batting - Pitching for Athletic Club KC U-21 : LHP Sacco Brouwers
Batting: RHB Santo Alba 0-0: Called Strike
0-1: Called Strike
0-2: Ball
1-2: Strikes out swinging
Batting: RHB Sean Godron 0-0: Called Strike
0-1: Foul Ball, location: 2F
0-2: Ball
1-2: Fly out, F8 (Flyball, 8RM)
Batting: LHB Edgardo Díaz 0-0: Swinging Strike
0-1: Ball
1-1: Fly out, F8 (Flyball, 8LM)
Top of the 3rd over - 0 run(s), 0 hit(s), 0 error(s), 0 left on base; Grim 1 - Athletic Club KC 0
BOTTOM OF THE 3RD
Athletic Club KC U-21 batting - Pitching for Grim Reapers : LHP Jim Unknown
Batting: RHB Ted Stephens 0-0: Ball
1-0: Ball
2-0: Ground out 6-3 (Groundball, 6)
Batting: RHB Diego Bonilla 0-0: DOUBLE (Groundball, 3L)
Batting: LHB Tony García 0-0: Ball
1-0: Ball
2-0: Called Strike
2-1: Foul Ball, location: 2F
2-2: Strikes out swinging
Batting: RHB Felipe Pabalate 0-0: DOUBLE (Groundball, 5L)
Diego Bonilla scores
Batting: LHB Manuel Domínguez 0-0: Ball
1-0: Ball
2-0: Foul Ball, location: 2F
2-1: Foul Ball, location: 2F
2-2: Foul Ball, location: 2F
2-2: Ball
3-2: Strikes out swinging
Bottom of the 3rd over - 1 run(s), 2 hit(s), 0 error(s), 1 left on base; Grim 1 - Athletic Club KC 1
TOP OF THE 4TH
Grim Reapers batting - Pitching for Athletic Club KC U-21 : LHP Sacco Brouwers
Batting: RHB Blair Sweeny 0-0: Ball
1-0: Called Strike
1-1: Called Strike
1-2: Foul Ball, location: 2F
1-2: Ball
2-2: Ball
3-2: Foul Ball, location: 2F
3-2: Foul Ball, location: 2F
3-2: Base on Balls
Batting: RHB Alberto Rodríguez 0-0: Ball
1-0: Ball
2-0: Fly out, F9 (Flyball, 9S)
Batting: RHB Bill Allen 0-0: Swinging Strike
0-1: Ball
1-1: Fly out, F9 (Flyball, 9LSF)
Batting: RHB Raúl Moreno 0-0: Ball
1-0: SINGLE (Groundball, 56D)
Blair Sweeny to second
Batting: RHB Jules Winnfield 0-0: Ground out 4-3 (Groundball, 34)
Top of the 4th over - 0 run(s), 1 hit(s), 0 error(s), 2 left on base; Grim 1 - Athletic Club KC 1
BOTTOM OF THE 4TH
Athletic Club KC U-21 batting - Pitching for Grim Reapers : LHP Jim Unknown
Batting: RHB José Flores 0-0: Ground out 5-3 (Groundball, 56S)
Batting: RHB Iván Chacón 0-0: Ball
1-0: Ball
2-0: Ball
3-0: Base on Balls
Batting: RHB Nathaniel Gault 0-0: Ball
1-0: SINGLE (Flyball, 8RS)
Iván Chacón to second
Batting: RHB Pedro Silva 0-0: Ball
1-0: Ball
2-0: SINGLE (Groundball, 34D)
Iván Chacón to third
Nathaniel Gault to second
Throwing error, E9
Iván Chacón scores
Nathaniel Gault to third
Pedro Silva to second
Batting: RHB Ted Stephens 0-0: Called Strike
0-1: Swinging Strike
0-2: Strikes out swinging
Batting: RHB Diego Bonilla 0-0: Ball
1-0: Ball
2-0: DOUBLE (Groundball, 3L)
Nathaniel Gault scores
Pedro Silva scores
Batting: LHB Tony García 0-0: Foul Ball, location: 2F
0-1: Ground out 1-3 (Groundball, 23)
Bottom of the 4th over - 3 run(s), 3 hit(s), 1 error(s), 1 left on base; Grim 1 - Athletic Club KC 4
TOP OF THE 5TH
Grim Reapers batting - Pitching for Athletic Club KC U-21 : LHP Sacco Brouwers
Batting: LHB Jesús Morales 0-0: Ball
1-0: Foul Ball, location: 2F
1-1: Called Strike
1-2: Strikes out swinging
Batting: RHB Santo Alba 0-0: Ball
1-0: Ball
2-0: Ball
3-0: Base on Balls
Batting: RHB Sean Godron 0-0: Called Strike
0-1: Ball
1-1: Swinging Strike
1-2: Strikes out looking
Batting: LHB Edgardo Díaz 0-0: Ball
1-0: Ball
Santo Alba steals 2nd base
2-0: Foul Ball, location: 2F
2-1: Ball
3-1: Base on Balls
Batting: RHB Blair Sweeny 0-0: Ball
1-0: Ground out 5-3 (Groundball, 5S)
Top of the 5th over - 0 run(s), 0 hit(s), 0 error(s), 2 left on base; Grim 1 - Athletic Club KC 4
BOTTOM OF THE 5TH
Athletic Club KC U-21 batting - Pitching for Grim Reapers : LHP Jim Unknown
Batting: RHB Felipe Pabalate 0-0: Ball
1-0: Foul Ball, location: 2F
1-1: Ground out 4-3 (Groundball, 4)
Batting: LHB Manuel Domínguez 0-0: Ball
1-0: Called Strike
1-1: Foul Ball, location: 2F
1-2: SINGLE (Flyball, 8LS)
Batting: RHB José Flores 0-0: Ball
1-0: Grounds into double play, 6-4-3 (Groundball, 6M)
Bottom of the 5th over - 0 run(s), 1 hit(s), 0 error(s), 0 left on base; Grim 1 - Athletic Club KC 4
TOP OF THE 6TH
Grim Reapers batting - Pitching for Athletic Club KC U-21 : LHP Sacco Brouwers
Batting: RHB Alberto Rodríguez 0-0: Called Strike
0-1: Fly out, F8 (Flyball, 8RXD)
Batting: RHB Bill Allen 0-0: Ball
1-0: Swinging Strike
1-1: Fly out, F9 (Flyball, 89M)
Batting: RHB Raúl Moreno 0-0: SINGLE (Flyball, 78S)
Batting: RHB Jules Winnfield 0-0: Ground out 4-3 (Groundball, 4)
Top of the 6th over - 0 run(s), 1 hit(s), 0 error(s), 1 left on base; Grim 1 - Athletic Club KC 4
BOTTOM OF THE 6TH
Athletic Club KC U-21 batting - Pitching for Grim Reapers : LHP Jim Unknown
Batting: RHB Iván Chacón 0-0: Foul Ball, location: 2F
0-1: Ball
1-1: Foul Ball, location: 2F
1-2: Fly out, F8 (Flyball, 8LM)
Batting: RHB Nathaniel Gault 0-0: Called Strike
0-1: Ball
1-1: Called Strike
1-2: Ball
2-2: Strikes out swinging
Batting: RHB Pedro Silva 0-0: Called Strike
0-1: Ball
1-1: Called Strike
1-2: Ball
2-2: Foul Ball, location: 2F
2-2: DOUBLE (Line Drive, 9LM)
Batting: RHB Ted Stephens 0-0: Called Strike
0-1: Foul Ball, location: 2F
0-2: Ball
1-2: Fly out, F2 (Popup, 25)
Bottom of the 6th over - 0 run(s), 1 hit(s), 0 error(s), 1 left on base; Grim 1 - Athletic Club KC 4
TOP OF THE 7TH
Grim Reapers batting - Pitching for Athletic Club KC U-21 : LHP Sacco Brouwers
Batting: LHB Jesús Morales 0-0: Ball
1-0: Ball
2-0: Called Strike
2-1: Swinging Strike
2-2: Ground out 4-3 (Groundball, 4M)
Batting: RHB Santo Alba 0-0: Foul Ball, location: 2F
0-1: Ball
1-1: Ball
2-1: Ball
3-1: Foul Ball, location: 2F
3-2: Strikes out swinging
Batting: RHB Sean Godron 0-0: Ball
1-0: Foul Ball, location: 2F
1-1: SINGLE (Line Drive, 7S)
Pitching: LHP Jeffrey Brown
Batting: LHB Edgardo Díaz 0-0: Fielders Choice at 2nd, U4 (Groundball, 4M)
Top of the 7th over - 0 run(s), 1 hit(s), 0 error(s), 1 left on base; Grim 1 - Athletic Club KC 4
BOTTOM OF THE 7TH
Athletic Club KC U-21 batting - Pitching for Grim Reapers : LHP Jim Unknown
Batting: RHB Diego Bonilla 0-0: Called Strike
0-1: Ball
1-1: Ball
2-1: SINGLE (Groundball, 6D) (infield hit)
Pitching: LHP Maximus Weinstein
Batting: LHB Tony García 0-0: Bunt missed!
0-1: Bunted foul
0-2: Ball
1-2: SINGLE (Flyball, 9S)
Diego Bonilla to second
Runner from 2nd tries for 3rd, OUT!
Batting: RHB Felipe Pabalate 0-0: Fly out, F9 (Flyball, 89M)
Batting: LHB Manuel Domínguez 0-0: Called Strike
0-1: Ball
1-1: Ball
2-1: Foul Ball, location: 2F
2-2: Foul Ball, location: 2F
2-2: Strikes out swinging
Bottom of the 7th over - 0 run(s), 2 hit(s), 0 error(s), 1 left on base; Grim 1 - Athletic Club KC 4
TOP OF THE 8TH
Grim Reapers batting - Pitching for Athletic Club KC U-21 : LHP Jeffrey Brown
Batting: RHB Blair Sweeny 0-0: Called Strike
0-1: Ball
1-1: DOUBLE (Flyball, 8LD)
Pitching: RHP José Guardado
Batting: RHB Alberto Rodríguez 0-0: Called Strike
0-1: Ground out 4-3 (Groundball, 4)
Blair Sweeny to third
Batting: RHB Bill Allen 0-0: Swinging Strike
0-1: Ball
1-1: Called Strike
1-2: TRIPLE (Flyball, 89M)
Blair Sweeny scores
Batting: RHB Raúl Moreno 0-0: Ball
1-0: Fly out, F9 (Flyball, 89M)
Runner from 3rd tags up, SCORES, no throw
Batting: RHB Jules Winnfield 0-0: Hit by Pitch
Pitching: LHP Jesús Márquez
Pinch Hitting: RHB Miguel Canales 0-0: Ball
1-0: SINGLE (Line Drive, 56)
Jules Winnfield to second
Pitching: RHP Edgar Cruz
Pinch Hitting: LHB Alberto Arredondo 0-0: Ball
1-0: DOUBLE (Flyball, 89XD)
Jules Winnfield scores
Miguel Canales to third
Runner from 3rd tries for Home, SAFE, no throw or cutoff
Pinch Hitting: LHB Jim Unknown 0-0: Ball
1-0: Called Strike
1-1: Ball
2-1: SINGLE (Groundball, 25) (infield hit)
Alberto Arredondo to third
Batting: LHB Edgardo Díaz 0-0: Ball
1-0: Ball
2-0: Foul Ball, location: 2F
2-1: Ball
3-1: Base on Balls
Jim Unknown to second
Batting: RHB Blair Sweeny 0-0: Fly out, F8 (Flyball, 8RM)
Top of the 8th over - 4 run(s), 5 hit(s), 0 error(s), 3 left on base; Grim 5 - Athletic Club KC 4
BOTTOM OF THE 8TH
Athletic Club KC U-21 batting - Pitching for Grim Reapers : LHP Maximus Weinstein
Pitching: LHP Jim Unknown
Now at 3B: Miguel Canales
Now in LF: Arnold Meurs
Now in CF: Alberto Arredondo
Batting: RHB José Flores 0-0: Foul Ball, location: 2F
0-1: Ball
1-1: SINGLE (Line Drive, 9S)
Pitching: RHP Mack MacDonald
Pinch Runner at 1st Jim Unknown:
Pinch Hitting: SHB Sang-your Yu 0-0: Called Strike
0-1: Ball
1-1: Ball
2-1: Foul Ball, location: 2F
2-2: Ball
3-2: SINGLE (Line Drive, 56D)
Jim Unknown to second
Batting: RHB Nathaniel Gault 0-0: Swinging Strike
0-1: Bunt - Flyout! F1
Batting: RHB Pedro Silva 0-0: Fly out, F9 (Popup, 4D)
Batting: RHB Ted Stephens 0-0: Fly out, F7 (Flyball, 7D)
Bottom of the 8th over - 0 run(s), 2 hit(s), 0 error(s), 2 left on base; Grim 5 - Athletic Club KC 4
TOP OF THE 9TH
Grim Reapers batting - Pitching for Athletic Club KC U-21 : RHP Edgar Cruz
Now at 1B: Jim Unknown
Now at 3B: Alfonso Ciucio
Batting: RHB Alberto Rodríguez 0-0: Called Strike
0-1: Foul Ball, location: 2F
0-2: Ball
1-2: Strikes out looking
Batting: RHB Bill Allen 0-0: Ball
1-0: Ball
2-0: Foul Ball, location: 2F
2-1: Swinging Strike
2-2: Foul Ball, location: 2F
2-2: Foul Ball, location: 2F
2-2: Foul Ball, location: 2F
2-2: Fly out, F8 (Flyball, 78D)
Batting: RHB Raúl Moreno 0-0: Ball
1-0: Fly out, F9 (Flyball, 9M)
Top of the 9th over - 0 run(s), 0 hit(s), 0 error(s), 0 left on base; Grim 5 - Athletic Club KC 4
BOTTOM OF THE 9TH
Athletic Club KC U-21 batting - Pitching for Grim Reapers : RHP Mack MacDonald
Pitching: RHP Daryl Thomas
Batting: RHB Diego Bonilla 0-0: Fly out, F9 (Flyball, 89M)
Batting: LHB Tony García 0-0: SINGLE (Line Drive, 8LS)
Batting: RHB Felipe Pabalate 0-0: Ball
1-0: Foul Ball, location: 2F
1-1: Foul Ball, location: 2F
1-2: Foul Ball, location: 2F
1-2: Foul Ball, location: 2F
1-2: Ball
2-2: Foul Ball, location: 2F
2-2: Ground out 5-3 (Groundball, 5S)
Tony García to second
Batting: LHB Manuel Domínguez 0-0: Ball
1-0: Fly out, F6 (Popup, 6D)
Bottom of the 9th over - 0 run(s), 1 hit(s), 0 error(s), 1 left on base; Grim 5 - Athletic Club KC 4
This league is powered by Out of the Park Baseball, the baseball management simulation game for PC, Mac and Linux
Friday, July 8th, 2016 - OOTP Baseball 16.9 Build 39